 Dungeon Crawl Stone Soup version 0.29-a0-563-g64e4043184 (webtiles) character file.

Game seed: 16790472889032935925

366 xian the Slasher (level 6, -10/45 (52) HPs)
             Began as a Minotaur Gladiator on June 11, 2022.
             Mangled by a wight
             ... wielding a +4 halberd
              (13 damage)
             ... on level 4 of the Dungeon.
             The game lasted 00:06:08 (2980 turns).

xian the Slasher (Minotaur Gladiator)               Turns: 2980, Time: 00:06:08

HP:   -10/45 (52)   AC:  4    Str: 20    XL:     6   Next: 40%
MP:   5/5           EV: 11    Int:  5    God:
Gold: 186           SH:  7    Dex: 12    Spells: 5/5 levels left

rFire   . . .      SeeInvis .   a - +0 long sword
rCold   . . .      Faith    .   p - +0 kite shield
rNeg    . . .      Spirit   .   b - +0 leather armour
rPois   .          Reflect  .   c - +0 hat
rElec   .          Harm     .   (no cloak)
rCorr   .          Rampage  .   (no gloves)
Will    .....                   f - +0 pair of boots
Stlth   +.........              i - amulet of regeneration
HPRegen 0.95/turn               (no ring)
MPRegen 0.09/turn               (no ring)

@: heavily drained
A: horns 2, retaliatory headbutt
a: no special abilities


You were on level 4 of the Dungeon.
You visited 1 branch of the dungeon, and saw 4 of its levels.

You collected 186 gold pieces.

Inventory:

Hand Weapons
 a - a +0 long sword (weapon)
Missiles
 d - 2 throwing nets (quivered)
 m - 5 curare-tipped darts
Armour
 b - a +0 leather armour (worn)
 c - a +0 hat (worn)
 f - a +0 pair of boots (worn)
 j - an orb of guile
 p - a +0 kite shield (worn)
Jewellery
 i - an amulet of regeneration (around neck)
Scrolls
 o - 4 scrolls of teleportation
 q - 2 scrolls of magic mapping {unknown}
 r - a scroll of summoning {unknown}
 s - a scroll of vulnerability {unknown}
Potions
 g - 2 potions of lignification {unknown}
 h - 3 potions of curing
 k - a potion of ambrosia
 l - a potion of resistance {unknown}
 n - a potion of degeneration {unknown}
 t - a potion of heal wounds {unknown}


   Skills:
 + Level 3.9 Fighting
 + Level 6.0 Long Blades
 + Level 2.1 Throwing
 + Level 2.4 Armour
 + Level 5.2 Dodging
 + Level 0.1 Stealth
 + Level 0.4 Shields


You had 5 spell levels left.
You didn't know any spells.
Your spell library was empty.

Dungeon Overview and Level Annotations

Branches:
Dungeon (4/15)
 Temple: D:4-7

Altars:

Shops:
D:1 *   D:2 ?


Innate Abilities, Weirdness & Mutations

You have a pair of horns on your head.
You reflexively headbutt those who attack you in melee.


Message History

HP restored.
You open the door.
There is an open door here.
You open the door.
There is an open door here.
A giant cockroach comes into view.
The giant cockroach barely misses you.
You completely miss the giant cockroach.
The giant cockroach bites you. You block the giant cockroach's attack.
You hit the giant cockroach.
The giant cockroach is moderately wounded.
The giant cockroach closely misses you.
You hit the giant cockroach but do no damage.
You headbutt the giant cockroach.
You kill the giant cockroach!
Your Long Blades skill increases to level 6!
A wight comes into view. It is wielding a +0 dire flail.
You see here a giant cockroach corpse.
A wight comes into view. It is wielding a +4 halberd.
A wight comes into view. It is wielding a +4 morningstar.
You see here a giant cockroach corpse.
You throw a javelin. The javelin barely misses the wight.
The javelin completely misses the wight.
The wight hits you with a +0 dire flail!
You feel drained.
You hit the wight.
The wight is lightly damaged.
The wight hits you with a +0 dire flail!
You feel drained. The wight closely misses you. You furiously retaliate!
You headbutt the wight, but do no damage.
You slash the wight!
The wight is heavily damaged.
The wight hits you from afar with a +4 halberd!
* * * LOW HITPOINT WARNING * * *
You feel drained.
The wight hits you with a +0 dire flail!
* * * LOW HITPOINT WARNING * * *
The wight barely misses you. You furiously retaliate!
You headbutt the wight. The wight hits you with a +4 halberd!
You die...

# #.#.. #....
#.##.#.. #....
#....'.. ##..(.
####.#.. #....##+#
#..#'###
#....##.#..#.#......#
#....##.#....#......#
#..zz##.#....#......#
#...@##.#....#....>.#
#..z.##.#.......#)###
#...†##.#....##.#)#
#....##'#.......#.#
#............####.#
#............'....#
#............######
#.....########
#.....#


You could see 3 wights.

Vanquished Creatures
  An ogre (D:4)
  2 wights (D:4)
  An orc priest (D:3)
  An iguana (D:4)
  4 adders
  2 dart slugs (D:1)
  7 orcs
  2 bats
  5 endoplasms
  5 giant cockroaches
  7 hobgoblins
  4 jackals (D:1)
  4 quokkas
  4 ball pythons
  6 frilled lizards
  6 goblins
  5 kobolds
  10 rats
76 creatures vanquished.

Notes
Turn   | Place    | Note
-------+----------+-------------------------------------------
     0 | D:1      | xian the Minotaur Gladiator began the quest for the Orb.
     0 | D:1      | Reached XP level 1. HP: 18/18 MP: 0/0
   293 | D:1      | Reached XP level 2. HP: 25/25 MP: 1/1
   459 | D:1      | Reached skill level 4 in Long Blades
   571 | D:1      | Reached XP level 3. HP: 26/30 MP: 2/2
   687 | D:1      | Found Josa's Assorted Antiques.
  1384 | D:2      | Reached skill level 1 in Armour
  1731 | D:2      | Reached XP level 4. HP: 38/38 MP: 3/3
  1740 | D:2      | Found Vutiamono's Magic Scroll Shop.
  2638 | D:4      | Noticed an ogre
  2647 | D:4      | Killed an ogre
  2648 | D:4      | Reached skill level 5 in Long Blades
  2648 | D:4      | Reached XP level 5. HP: 16/46 MP: 4/4
  2740 | D:4      | Reached skill level 5 in Dodging
  2898 | D:4      | Reached XP level 6. HP: 13/52 MP: 5/5
  2971 | D:4      | Reached skill level 6 in Long Blades
  2980 | D:4      | Mangled by a wight

Illustrated notes

Levels and vault maps discovered:
D:1:      giann_bridges, layout_basic, serial_shops, nicolae_lakefront_shop,
          corexii_hall_statues_i
D:2:      layout_loops_ring, serial_shops, nicolae_shop_crystal,
          minmay_tetromino_o4
D:3:      layout_basic, shapermc_ecumenical_altar_flowoftime
D:4:      wad_river_or_something, layout_basic

Skill      XL: |  1  2  3  4  5  6 |
---------------+-------------------+-----
Long Blades    | 4 5 6 |  6.0
Dodging        | 4 5 |  5.2
Fighting       | 3 |  3.9
Armour         | 1 2 |  2.4
Throwing       | |  2.1
Stealth        | |  0.1
Shields        | |  0.4

Action                   |  1- 3 |  4- 6 || total
-------------------------+-------+-------++-------
Melee: Long sword        |    90 |    90 ||   180
       Headbutt          |    13 |    13 ||    26
Throw: Throwing net      |       |     1 ||     1
       Javelin           |       |     1 ||     1
  Use: Scroll            |     5 |       ||     5
Armor: Leather armour    |    30 |     8 ||    38
Dodge: Dodged            |    64 |    48 ||   112
Block: Kite shield       |       |    18 ||    18

Table legend: (Time is in decaauts)
 A = Elapsed time spent in this place.
 B = Non-inter-level travel time spent in this place.
 C = Inter-level travel time spent in this place.
 D = Time resting spent in this place.
 E = Time spent auto-exploring this place.
 F = Levels seen in this place.
 G = Mean time per level.
                   A        B        C        D        E       F      G
               +--------+--------+--------+--------+--------+-----+--------+
         Total |   3024 |   2953 |     71 |    198 |   1842 |   4 |  756.0 |
       Dungeon |   3024 |   2953 |     71 |    198 |   1842 |   4 |  756.0 |
               +--------+--------+--------+--------+--------+-----+--------+

Top non-repeatable levels by time:
     D:1: 1254 daAuts
     D:2: 1055 daAuts
     D:4: 399 daAuts
     D:3: 316 daAuts
